 Dungeon Crawl Stone Soup version 0.31-a0-175-g9f7f995f2b (webtiles) character file.

Game seed: 10600937906182296277

828 qw the Chopper (level 7, -6/44 HPs)
             Began as a Gargoyle Fighter on June 17, 2023.
             Was an Initiate of Okawaru.
             Mangled by an ogre
             ... wielding a +0 giant spiked club
              (7 damage)
             ... on level 5 of the Dungeon.
             The game lasted 00:02:04 (4407 turns).

qw the Chopper (Gargoyle Fighter)                   Turns: 4407, Time: 00:02:04

Health: -6/44      AC: 16    Str: 22    XL:     7   Next: 97%
Magic:  7/7        EV:  8    Int:  8    God:    Okawaru [......]
Gold:   49         SH:  4    Dex:  9    Spells: 6/6 levels left

rFire   . . .        Y - +0 war axe
rCold   . . .        c - +0 buckler
rNeg    + . .        i - +0 chain mail
rPois   inf          (no helmet)
rElec   +            e - +1 cloak
rCorr   .            (no gloves)
SInv    .            (no boots)
Will    .....        (no amulet) Stlth
                     (no ring)
HPRegen 0.27/turn    (no ring)
MPRegen 0.10/turn

%: no passive effects
@: about to teleport
A: sickness immunity, AC +4, negative energy resistance 1, electricity
resistance, torment resistance 1, petrification resistance
a: Renounce Religion


You were on level 5 of the Dungeon.
You worshipped Okawaru.
Okawaru was noncommittal.
You visited 2 branches of the dungeon, and saw 7 of its levels.

You collected 224 gold pieces.
You spent 175 gold pieces at shops.


Innate Abilities, Weirdness & Mutations

You are immune to sickness and miasma.
Your stone body is resilient. (AC +4)
You are immune to poison.
You resist negative energy. (rN+)
You are resistant to electric shocks. (rElec)
You are resistant to unholy torment.
You are immune to petrification.


   Skills:
 - Level 5.3 Fighting
 + Level 6.8 Axes
 - Level 3.2 Armour
 - Level 2.0 Dodging
 - Level 3.2 Shields


You had 6 spell levels left.
You didn't know any spells.
Your spell library was empty.

Inventory:

Hand Weapons
 k - a +4 flail
 Y - a +0 war axe (weapon)
Armour
 c - a +0 buckler (worn)
 e - a +1 cloak (worn)
 i - a +0 chain mail (worn)
Scrolls
 a - 9 scrolls of identify
Potions
 d - 2 potions of might
 g - a potion of attraction
 j - a potion of cancellation
 l - a potion of haste

Dungeon Overview and Level Annotations

Branches:
Dungeon (6/15)             Temple (1/1) D:4

Altars:
Ashenzari
Cheibriados
Dithmenos
Elyvilon
Fedhas
Gozag
Hepliaklqana
Kikubaaqudgha
Makhleb
Nemelex Xobeh
Okawaru
Qazlal
Ru
Sif Muna
Trog
Uskayaw
Vehumet
Wu Jian
Xom
Yredelemnul
Zin
The Shining One

Shops:
D:5 (?:[


Message History

The white imp barely misses you. x2
You hit the white imp but do no damage.
The white imp is lightly wounded.
You block the white imp's attack.
You hit the white imp.
The white imp is moderately wounded.
The white imp closely misses you.
You slash the white imp!
You kill the white imp!
Okawaru accepts your kill.
You start resting.
HP restored.
Found a ring mail.
Enter note:
Enter note:
Enter note:
Enter note:
Enter note:
Enter note: You see here a +0 ring mail.
An ogre comes into view. It is wielding a +0 giant spiked club.
The ogre shouts!
Enter note:
Enter note:
Enter note:
Enter note:
Enter note:
Enter note: You slash the ogre!
The ogre is moderately wounded.
The ogre hits you with a +0 giant spiked club!!
Ouch! That really hurt!
You hit the ogre but do no damage.
The ogre is moderately wounded.
The ogre hits you with a +0 giant spiked club!
4407 ||| READING scroll of teleportation.
As you read the scroll of teleportation, it crumbles to dust.
You feel strangely unstable.
The ogre hits you with a +0 giant spiked club!
You die...

##### ....#####
......O.# #.#
#@# ###.###[####
#..........#
......#.###.##.#
.#.## #.# #.# #
.# #.# #.# #.#
###.# #.#
#.#.##...###.#
#.#..........#


You could see an ogre.

Vanquished Creatures
  Sigmund (D:3)
  An ogre (D:4)
  A phantom (D:5)
  A howler monkey (D:5)
  A jelly (D:6)
  4 orc priests (D:3)
  An iguana (D:6)
  3 orc wizards
  4 adders
  6 gnolls (D:3)
  A white imp (D:5)
  An ufetubus (D:4)
  A worm (D:2)
  2 dart slugs
  12 orcs
  5 ball pythons
  4 bats
  6 endoplasms
  5 giant cockroaches
  11 hobgoblins
  9 jackals
  5 frilled lizards
  12 goblins
  3 kobolds
  A rat (D:1)
101 creatures vanquished.

Notes
Turn   | Place    | Note
-------+----------+-------------------------------------------
     0 | D:1      | qw the Gargoyle Fighter began the quest for the Orb.
     0 | D:1      | Reached XP level 1. HP: 14/14 MP: 1/1
     0 | D:1      | 0 ||| qw: Version: 0.3-a-3-g30531e4
     0 | D:1      | 0 ||| qw: Game counter: 412
     0 | D:1      | 0 ||| qw: Always use a shield: true
     0 | D:1      | 0 ||| qw: God list: Okawaru
     0 | D:1      | 0 ||| qw: Allow faded altars: false
     0 | D:1      | 0 ||| qw: Do Orc after D:15 true
     0 | D:1      | 0 ||| qw: Do second Lair branch before Depths: true
     0 | D:1      | 0 ||| qw: Lair rune preference: random
     0 | D:1      | 0 ||| qw: Plans: Normal, Zot:1-4, Slime:5, God:TSO, Crypt,
                  | Tomb, Abyss, Pan, Hells, Win
     0 | D:1      | 0 ||| PLANNING D:1-11
    42 | D:1      | Reached skill level 2 in Axes
   154 | D:1      | Reached XP level 2. HP: 19/19 MP: 2/2
   366 | D:1      | 366 ||| Stepping ~*~*~tactically~*~*~ (hiding).
   422 | D:1      | Reached skill level 3 in Axes
   464 | D:1      | Reached XP level 3. HP: 23/23 MP: 3/3
   893 | D:1      | 893 ||| UPGRADING to +0 chain mail.
   903 | D:1      | 903 ||| DROPPING +0 scale mail.
   904 | D:1      | 904 ||| READING 3 scrolls labelled LULEIPL DOACH.
   905 | D:1      | 905 ||| READING 2 scrolls labelled TAUDAK BAFI.
   906 | D:1      | 906 ||| READING scroll labelled DUBUWNI RAFF.
   907 | D:1      | 907 ||| READING 3 scrolls labelled DUNIST WUMAZA.
   908 | D:1      | 908 ||| DRINKING 2 fuming white potions.
   909 | D:1      | 909 ||| READING 2 scrolls of identify.
   909 | D:1      | 909 ||| IDENTIFYING bubbling blue potion
   910 | D:1      | 910 ||| DROPPING scroll of poison.
   911 | D:1      | 911 ||| DROPPING 2 scrolls of fear.
   931 | D:2      | 931 ||| DROPPING +0 club.
  1337 | D:2      | 1337 ||| FLEEEEING.
  1338 | D:2      | 1338 ||| FLEEEEING.
  1339 | D:2      | 1339 ||| FLEEEEING.
  1340 | D:2      | 1340 ||| FLEEEEING.
  1343 | D:2      | 1343 ||| STAIRDANCE
  1366 | D:1      | 1366 ||| UPGRADING to +0 cloak.
  1482 | D:2      | Reached XP level 4. HP: 28/28 MP: 4/4
  1809 | D:2      | 1809 ||| DROPPING +0 whip.
  1810 | D:2      | 1810 ||| READING scroll labelled SAHUGE PUBRU.
  1854 | D:3      | 1854 ||| Stepping ~*~*~tactically~*~*~ (hiding).
  1870 | D:3      | Reached skill level 4 in Axes
  1944 | D:3      | 1944 ||| Stepping ~*~*~tactically~*~*~ (stealth).
  1985 | D:3      | Reached XP level 5. HP: 11/32 MP: 5/5
  2066 | D:3      | 2066 ||| DROPPING +0 mace.
  2156 | D:3      | 2156 ||| Stepping ~*~*~tactically~*~*~ (stealth).
  2160 | D:3      | 2160 ||| Stepping ~*~*~tactically~*~*~ (hiding).
  2162 | D:3      | 2162 ||| Stepping ~*~*~tactically~*~*~ (hiding).
  2274 | D:3      | 2274 ||| DROPPING +0 flail.
  2297 | D:3      | Reached skill level 5 in Axes
  2361 | D:3      | Noticed Sigmund
  2378 | D:3      | Killed Sigmund
  2379 | D:3      | Reached XP level 6. HP: 24/40 MP: 6/6
  2566 | D:3      | 2566 ||| Stepping ~*~*~tactically~*~*~ (hiding).
  2696 | D:3      | Reached XP level 7. HP: 42/44 MP: 7/7
  2908 | D:3      | 2908 ||| READING 2 scrolls labelled WUYJOW RENUARENETH.
  2911 | D:3      | 2911 ||| READING scroll labelled FAXZOA JE OCA.
  2912 | D:3      | 2912 ||| READING 4 scrolls of identify.
  2912 | D:3      | 2912 ||| IDENTIFYING red potion
  2913 | D:3      | 2913 ||| DROPPING potion of brilliance.
  2919 | D:4      | You fall into a shaft and drop 2 floors!
  2940 | D:6      | Reached skill level 6 in Axes
  3069 | D:5      | Entered Level 5 of the Dungeon
  3127 | D:4      | 3127 ||| Stepping ~*~*~tactically~*~*~ (hiding).
  3150 | D:4      | 3150 ||| Stepping ~*~*~tactically~*~*~ (stealth).
  3156 | D:4      | 3156 ||| Stepping ~*~*~tactically~*~*~ (stealth).
  3242 | D:4      | Found a shimmering altar of Xom.
  3341 | D:4      | Found a staircase to the Ecumenical Temple.
  3342 | D:4      | 3342 ||| PLANNING TEMPLE
  3342 | D:4      | 3342 ||| READING scroll labelled XEVOFOM TENUSHAOTT.
  3343 | D:4      | 3343 ||| DRINKING 2 clear potions.
  3352 | Temple   | Entered the Ecumenical Temple
  3585 | Temple   | 3585 ||| PLANNING OKAWARU WORSHIP
  3778 | Temple   | Became a worshipper of Warmaster Okawaru
  3779 | Temple   | 3779 ||| PLANNING D:1-11
  4064 | D:4      | 4064 ||| READING scroll labelled LOKEAFR POEMUO.
  4065 | D:4      | 4065 ||| DRINKING 2 murky brown potions.
  4154 | D:5      | Found Ideps's Armour Shop.
  4155 | D:5      | Found Peewoemn's Magic Scroll Shop.
  4157 | D:5      | Found Siruell's Book Shop.
  4158 | D:5      | Found Zilyhulyxt's Weapon Shop.
  4167 | D:5      | 4167 ||| BUYING 2 scrolls of identify (52 gold).
  4167 | D:5      | Bought 2 scrolls of identify for 52 gold pieces
  4167 | D:5      | 4167 ||| BUYING scroll of enchant armour (97 gold).
  4167 | D:5      | Bought a scroll of enchant armour for 97 gold pieces
  4167 | D:5      | 4167 ||| SHOPLISTING scroll of enchant weapon (97 gold,
                  | have 31).
  4167 | D:5      | 4167 ||| BUYING scroll of identify (26 gold).
  4167 | D:5      | Bought a scroll of identify for 26 gold pieces
  4167 | D:5      | 4167 ||| SHOPLISTING scroll of identify (26 gold, have 5).
  4167 | D:5      | 4167 ||| SHOPLISTING scroll of teleportation (39 gold, have
                  | 5).
  4167 | D:5      | 4167 ||| READING scroll of enchant armour.
  4167 | D:5      | 4167 ||| ENCHANTING +0 cloak.
  4173 | D:5      | 4173 ||| DRINKING potion of curing.
  4173 | D:5      | 4173 ||| (to cure confusion)
  4293 | D:5      | 4293 ||| Stepping ~*~*~tactically~*~*~ (hiding).
  4314 | D:5      | Found a broken altar of Ashenzari.
  4406 | D:5      | HP: 1/44 [ogre/+0 giant spiked club (17)]
  4407 | D:5      | 4407 ||| READING scroll of teleportation.
  4407 | D:5      | Mangled by an ogre

Levels and vault maps discovered:
D:1:      mushboom_english_gardens, layout_loops_ring
D:2:      layout_basic
D:3:      layout_loops_cross, uniq_sigmund
D:4:      layout_cave_pools, overflow_temple_1_default,
          minmay_temple_entry_crystal_x, minmay_misc_feat_hallway
D:5:      layout_loops_ring, mainiacjoe_overflow_24_doors,
          minmay_shop_grid_forest
D:6:      layout_rooms, minmay_misc_feat_tower, corexii_checkpoint_a,
          uniq_eustachio
Temple:   mainiacjoe_temple_big_plus

Skill      XL: |  1  2  3  4  5  6  7 |
---------------+----------------------+-----
Axes           | 2 3 4 5 6 |  6.8
Fighting       | 5 |  5.3
Dodging        | 2 |  2.0
Armour         | |  3.2
Shields        | |  3.2

Action                     |  1- 3 |  4- 6 |  7- 9 || total
---------------------------+-------+-------+-------++-------
  Melee: War axe           |   141 |   101 |   104 ||   346
  Throw: Boomerang         |       |    19 |    32 ||    51
    Use: Scroll            |     5 |     1 |     7 ||    13
         Potion            |     1 |       |     3 ||     4
 Armour: Scale mail        |    53 |       |       ||    53
         Chain mail        |    33 |    76 |    66 ||   175
  Dodge: Dodged            |    53 |    41 |    36 ||   130
  Block: Buckler           |    22 |    27 |    16 ||    65

Table legend:
 A = Non-vault XP
 B = Vault XP
 C = Vault XP percentage of total XP
 D = Non-vault monster count
 E = Vault monster count
 F = Vault count percentage of total count
                 A         B        C        D         E       F
            +---------+---------+-------+---------+---------+-------
      Total |     952 |     231 |  19.5 |     100 |       1 |   1.0
            +---------+---------+-------+---------+---------+-------
        D:1 |      45 |       0 |   0.0 |      25 |       0 |   0.0
        D:2 |      39 |       0 |   0.0 |      14 |       0 |   0.0
        D:3 |     368 |     231 |  38.6 |      32 |       1 |   3.0
        D:4 |     191 |       0 |   0.0 |      19 |       0 |   0.0
        D:5 |     229 |       0 |   0.0 |       8 |       0 |   0.0
        D:6 |      80 |       0 |   0.0 |       2 |       0 |   0.0
            +---------+---------+-------+---------+---------+-------
